 Dungeon Crawl Stone Soup version 0.31-a0-986-g5e6e4ef867 (webtiles) character file.

Game seed: 17477182436456277485

323 Sanktem7 the Trooper (level 6, -25/56 HPs)
             Began as a Minotaur Fighter on Nov 7, 2023.
             Annihilated by an ogre
             ... wielding a +0 giant spiked club
              (27 damage)
             ... on level 4 of the Dungeon.
             The game lasted 00:05:44 (2782 turns).

Sanktem7 the Trooper (Minotaur Fighter)             Turns: 2782, Time: 00:05:45

Health: -25/56     AC: 12    Str: 23    XL:     6   Next: 23%
Magic:  5/5        EV:  6    Int:  5    God:
Gold:   97         SH:  4    Dex:  9    Spells: 5/5 levels left

rFire   . . .        a - +0 war axe {axe}
rCold   . . .        c - +0 buckler
rNeg    . . .        v - +0 plate armour
rPois   .            (helmet restricted)
rElec   .            (no cloak)
rCorr   .            (no gloves)
SInv    .            (no boots)
Will    .....        s - amulet of regeneration {@e2} Stlth
                     (no ring)
HPRegen 1.09/turn    (no ring)
MPRegen 0.09/turn

%: no passive effects
@: no status effects
A: horns 2, retaliatory headbutt
a: no special abilities


You were on level 4 of the Dungeon.
You visited 1 branch of the dungeon, and saw 4 of its levels.

You collected 97 gold pieces.


Innate Abilities, Weirdness & Mutations

You have a pair of horns on your head.
You reflexively headbutt those who attack you in melee.


   Skills:
 + Level 5.4 Fighting
 - Level 2.4 Axes
 + Level 2.5 Throwing
 + Level 5.3 Armour
 + Level 5.3 Shields


You had 5 spell levels left.
You didn't know any spells.
Your spell library contained the following spells:

 Spells                   Type           Power      Damage    Failure   Level
 Ensorcelled Hibernation  Hex/Ice        0%         N/A       100%        2
 Jinxbite                 Hex            0%         N/A       100%        2
 Hailstorm                Conj/Ice       0%         3d3       100%        3
 Anguish                  Hex/Necr       0%         N/A       100%        4
 Summon Ice Beast         Ice/Summ       0%         N/A       100%        4
 Summon Forest            Summ/Tloc      0%         N/A       100%        5
 Eringya's Noxious Bog    Tmut/Pois      0%         4d6       100%        6
 Simulacrum               Ice/Necr       0%         N/A       100%        6
 Summon Hydra             Summ           0%         N/A       100%        7

Inventory:

Hand Weapons
 a - a +0 war axe (weapon) {axe}
 t - a +2 dagger of venom {short}
   (You took it off an orc on level 3 of the Dungeon)
 u - a +0 heavy flail {mace}
   (You found it on level 3 of the Dungeon)
Missiles
 g - 25 stones {throwing}
 o - 9 poisoned darts {throwing}
Armour
 c - a +0 buckler (worn)
 v - a +0 plate armour (worn)
   (You found it on level 4 of the Dungeon)
Jewellery
 s - an amulet of regeneration (around neck) {@e2}
   (You found it on level 3 of the Dungeon)
Wands
 r - a wand of iceblast (4)
   (You found it on level 3 of the Dungeon)
Scrolls
 h - 2 scrolls of revelation {unknown}
 i - 2 scrolls of vulnerability {unknown}
 m - a scroll of summoning {unknown}
 n - 5 scrolls of identify {unknown}
 q - a scroll of teleportation {unknown}
Potions
 b - 2 potions of heal wounds {unknown}
 d - 2 potions of might
 e - a potion of lignification {unknown}
 j - 2 potions of curing {unknown}
 k - 2 potions of mutation {unknown}
 l - 3 potions of attraction {unknown}

Dungeon Overview and Level Annotations

Branches:
Dungeon (4/15) Zot: 21121
 Temple: D:4-7

Altars:
Cheibriados
Dithmenos
Elyvilon
Gozag
Hepliaklqana
Nemelex Xobeh
Ru
Sif Muna
Trog
Uskayaw
Wu Jian
Xom
Zin
The Shining One

#.##.# #....##..###.####..#
#..#.# #....##..###.#####'#
##%#.# #.........#.....#...
...#.# ###..##...#.....#...
####.# ########..##...#.....#...
.....# #.....#........'.....#...
###### #.....#........#.....'...
#....#####..####.###.#########..#
#.##.#..##..####@###'####..######
#..#.#......#..O.................
##.#.#...........................
...#.#.........#.########..######
####.#.#########.#############..#
#...# #........#........> #####
#........#.........
#........#...<.....
##.########..###..#


You could see an ogre.


Message History

The kobold barely misses you. You furiously retaliate!
You headbutt the kobold!
You kill the kobold!
You closely miss the adder.
The adder bites you but does no damage. x2
You slash the adder!
You kill the adder!
No target in view!
No target in view!
No target in view!
No target in view!
No target in view!
No target in view!
g - 25 stones {throwing} (gained 1)
There is an open door here.
You see here a +0 whip {mace}.
l - 3 glowing red potions (gained 2)
A quokka comes into view.
A quokka is nearby!
You miss the quokka. The quokka closely misses you. You furiously retaliate!
You headbutt the quokka, but do no damage.
The quokka bites you but does no damage.
You miss the quokka. The quokka bites you.
The quokka bites you but does no damage. 😕 HP[-2]
You take 2 damage, and now have 54/56 hp.
You hit the quokka. You block the quokka's attack. 😕 HP[+1]
You slash the quokka!
You kill the quokka! 😎 HP[+1]
Your hp is fully restored (56).
No target in view!
No target in view!
No target in view!
You now have 97 gold pieces (gained 10).
Key pressed, stopping explore.
You open the door.
There is an open door here.
There is an open door here.
Key pressed, stopping explore.
There is an open door here.
There is an open door here.
Found a stone staircase leading down.
Found an escape hatch in the ceiling.
There is a stone staircase leading down here.
You open the door.
An orc comes into view. It is wielding a +0 club.
The orc shouts!
An orc is nearby!
You closely miss the orc. The orc hits you but does no damage.
You slash the orc!
You kill the orc!
No target in view!
No target in view!
No target in view!
No target in view!
There is an open door here.
Things that are here:
a +0 club {mace}; a +0 leather armour; an orc corpse
j - 2 pink potions (gained 1)
There is an open door here.
Things that are here:
a +0 club {mace}; a +0 leather armour; an orc corpse Key pressed, stopping explore.
There is an open door here.
There is an open door here.
There is a stone staircase leading up here.
There is an open door here.
There is an open door here.
There is an open door here.
An ogre comes into view. It is wielding a +0 giant spiked club.
An ogre is nearby!
The ogre shouts!
The ogre hits you with a +0 giant spiked club! 😕 HP[-7]
You take 7 damage, and now have 49/56 hp.
You barely miss the ogre.
You headbutt the ogre, but do no damage.
The ogre hits you with a +0 giant spiked club!!
Ouch! That really hurt!
* * * LOW HITPOINT WARNING * * *
😨 HP[-30]
You take 30 damage, and now have 19/56 hp.
MASSIVE DAMAGE!! (PAUSE)
You hit the ogre. You block the ogre's attack. 😨 HP[+1]
You slash the ogre! Your headbutt misses the ogre.
The ogre barely misses you. 😨 HP[+2]
You regained 2 hp, and now have 22/56 hp.
You hit the ogre. Your headbutt misses the ogre. 😨 HP[+2]
You regained 2 hp, and now have 24/56 hp.
You slash the ogre!
The ogre hits you with a +0 giant spiked club!!
* * * LOW HITPOINT WARNING * * *
😱 HP[-23]
You take 23 damage, and now have 1/56 hp.
MASSIVE DAMAGE!! (PAUSE)
You hit the ogre but do no damage.
The ogre hits you with a +0 giant spiked club!!
You die...

Skill      XL: |  1  2  3  4  5 |
---------------+----------------+-----
Shields        | 4 5 |  5.3
Fighting       | 4 5 |  5.4
Armour         | 4 5 |  5.3
Throwing       | 1 2 |  2.5
Axes           | |  2.4

Action                     |  1- 3 |  4- 6 || total
---------------------------+-------+-------++-------
  Melee: War axe           |    87 |    82 ||   169
         Headbutt          |    14 |    17 ||    31
 Armour: Scale mail        |    81 |    10 ||    91
         Plate armour      |       |    42 ||    42
  Dodge: Dodged            |    51 |    25 ||    76
  Block: Buckler           |    23 |    25 ||    48

Levels and vault maps discovered:
D:1:      tarquinn_simple_flora_water_b, layout_rooms,
          hellmonk_ecumenical_altar_slurped_away, kennysheep_decorative_pillar,
          serial_bayou_lake_a
D:2:      layout_basic, uniq_jessica
D:3:      layout_loops_cross, nicolae_overflows_in_rows,
          grunt_temple_overflow_opulence
D:4:      layout_gridville, minmay_temple_entry_nine_rooms, patterned_corridor

Notes
Turn   | Place    | Note
-------+----------+-------------------------------------------
     0 | D:1      | Sanktem7 the Minotaur Fighter began the quest for the Orb.
     0 | D:1      | Reached XP level 1. HP: 19/19 MP: 0/0
     0 | D:1      | magus.rc [v1.9.6]
   143 | D:1      | Reached XP level 2. HP: 25/27 MP: 1/1
   201 | D:1      | Reached skill level 4 in Shields
   204 | D:1      | Reached skill level 4 in Fighting
   204 | D:1      | Reached skill level 4 in Armour
   323 | D:1      | Found a faded altar of an unknown god.
   472 | D:1      | Reached XP level 3. HP: 33/33 MP: 2/2
   636 | D:2      | You add the spells Summon Forest, Eringya's Noxious Bog and
                  | Summon Hydra to your library.
   827 | D:2      | Reached skill level 1 in Throwing
   830 | D:2      | Reached XP level 4. HP: 16/41 MP: 3/3
  1082 | D:2      | Noticed Jessica
  1084 | D:2      | Killed Jessica
  1449 | D:3      | Noticed an ogre
  1454 | D:3      | Killed an ogre
  1455 | D:3      | Reached skill level 5 in Fighting
  1455 | D:3      | Reached skill level 2 in Throwing
  1455 | D:3      | Reached skill level 5 in Armour
  1455 | D:3      | Reached XP level 5. HP: 15/48 MP: 4/4
  1622 | D:3      | Found a shimmering altar of Xom.
  1622 | D:3      | Found an ornate altar of the Wu Jian Council.
  1623 | D:3      | Found a glowing golden altar of the Shining One.
  1624 | D:3      | Found a bloodstained altar of Trog.
  1624 | D:3      | Found a hazy altar of Hepliaklqana.
  1624 | D:3      | Found a shimmering blue altar of Sif Muna.
  1626 | D:3      | Found a sacrificial altar of Ru.
  1626 | D:3      | Found a shadowy altar of Dithmenos.
  1626 | D:3      | Found a glowing silver altar of Zin.
  1641 | D:3      | Found a white marble altar of Elyvilon.
  1641 | D:3      | Found a hide-covered altar of Uskayaw.
  1641 | D:3      | Found a snail-covered altar of Cheibriados.
  1647 | D:3      | You pick up a book of Dreams and begin reading...
  1647 | D:3      | You add the spells Jinxbite, Ensorcelled Hibernation and
                  | Anguish to your library.
  1771 | D:3      | Found an opulent altar of Gozag.
  1772 | D:3      | Found a sparkling altar of Nemelex Xobeh.
  1901 | D:3      | You pick up a book of the Tundra and begin reading...
  1901 | D:3      | You add the spells Hailstorm, Summon Ice Beast and
                  | Simulacrum to your library.
  1917 | D:3      | Reached skill level 5 in Shields
  2484 | D:4      | Reached XP level 6. HP: 53/56 MP: 5/5
  2781 | D:4      | HP: 1/56 [ogre/+0 giant spiked club (24)]
  2782 | D:4      | Annihilated by an ogre

Vanquished Creatures
  An ogre (D:3)
  An iguana (D:4)
  Jessica (D:2)
  8 gnolls
  3 adders (D:4)
  A worm (D:2)
  2 dart slugs
  4 orcs
  8 bats
  7 endoplasms
  4 giant cockroaches
  5 goblins
  5 hobgoblins
  7 kobolds
  2 quokkas
  6 ball pythons (D:1)
  4 frilled lizards
  8 rats
77 creatures vanquished.

Table legend:
 A = Non-vault XP
 B = Vault XP
 C = Vault XP percentage of total XP
 D = Non-vault monster count
 E = Vault monster count
 F = Vault count percentage of total count
                 A         B        C        D         E       F
            +---------+---------+-------+---------+---------+-------
      Total |     423 |      39 |   8.4 |      75 |       2 |   2.6
            +---------+---------+-------+---------+---------+-------
        D:1 |      43 |       2 |   4.4 |      28 |       1 |   3.4
        D:2 |      86 |      37 |  30.1 |      20 |       1 |   4.8
        D:3 |     141 |       0 |   0.0 |      11 |       0 |   0.0
        D:4 |     153 |       0 |   0.0 |      16 |       0 |   0.0
            +---------+---------+-------+---------+---------+-------

Skill      XL: |  1  2  3  4  5 |
---------------+----------------+-----
Shields        | 4 5 |  5.3
Fighting       | 4 5 |  5.4
Armour         | 4 5 |  5.3
Throwing       | 1 2 |  2.5
Axes           | |  2.4

Action                     |  1- 3 |  4- 6 || total
---------------------------+-------+-------++-------
  Melee: War axe           |    87 |    82 ||   169
         Headbutt          |    14 |    17 ||    31
 Armour: Scale mail        |    81 |    10 ||    91
         Plate armour      |       |    42 ||    42
  Dodge: Dodged            |    51 |    25 ||    76
  Block: Buckler           |    23 |    25 ||    48

Illustrated notes

Table legend:
 A = Kills in this place as a percentage of kills in the entire game.
 B = Kills by you in this place as a percentage of kills by you in the entire game.
 C = Kills by friends in this place as a percentage of kills by friends in the entire game.
 D = Other kills in this place as a percentage of other kills in the entire game.
 E = Experience gained in this place as a percentage of experience gained in the entire game.
 F = Experience gained in this place divided by the number of levels of this place that you have seen.
                   A       B       C       D       E      F
               +-------+-------+-------+-------+-------+----------------------
         Total | 100.0 | 100.0 |   N/A |   N/A | 100.0 | 115.5
       Dungeon | 100.0 | 100.0 |   N/A |   N/A | 100.0 | 115.5
               +-------+-------+-------+-------+-------+----------------------

Table legend: (Time is in decaauts)
 A = Elapsed time spent in this place.
 B = Non-inter-level travel time spent in this place.
 C = Inter-level travel time spent in this place.
 D = Time resting spent in this place.
 E = Time spent auto-exploring this place.
 F = Levels seen in this place.
 G = Mean time per level.
                   A        B        C        D        E       F      G
               +--------+--------+--------+--------+--------+-----+--------+
         Total |   2877 |   2759 |    118 |      0 |   2198 |   4 |  719.2 |
       Dungeon |   2877 |   2759 |    118 |      0 |   2198 |   4 |  719.2 |
               +--------+--------+--------+--------+--------+-----+--------+

Top non-repeatable levels by time:
     D:3: 796 daAuts
     D:2: 768 daAuts
     D:1: 667 daAuts
     D:4: 645 daAuts
